 Dungeon Crawl Stone Soup version 0.29.0-4-gdea44cf6ec (webtiles) character file.

Game seed: 98046854055603705

262 qw the Chopper (level 6, -13/48 HPs)
             Began as a Ghoul Summoner on Sept 10, 2022.
             Was an Initiate of Okawaru.
             Mangled by Menkaure (14 damage)
             ... on level 4 of the Dungeon.
             The game lasted 00:01:42 (5313 turns).

qw the Chopper (Ghoul Summoner)                     Turns: 5313, Time: 00:01:42

Health: -13/48     AC: 12    Str: 13 (14) XL:     6   Next: 18%
Magic:  7/7        EV:  8    Int:  8 (10) God:    Okawaru [......]
Gold:   113        SH:  0    Dex:  7 (9)  Spells: 7/8 levels left

rFire   x . .      SeeInvis .   Y - +1 hand axe
rCold   + + +      Faith    .   (no shield)
rNeg    + + +      Spirit   .   f - +0 ice dragon scales
rPois   inf        Reflect  .   (no helmet)
rElec   .          Harm     .   (no cloak)
rCorr   .          Rampage  .   (no gloves)
Will    .....                   g - +1 pair of boots
Stlth   ..........              (no amulet)
HPRegen 0.00/turn               (no ring)
MPRegen 0.10/turn               (no ring)

@: about to teleport, inhibited regen
A: claws 1, cold resistance 1, negative energy resistance 3, inhibited
regeneration, torment resistance 2, devour on kill
a: Renounce Religion


You were on level 4 of the Dungeon.
You worshipped Okawaru.
Okawaru was noncommittal.
You visited 2 branches of the dungeon, and saw 5 of its levels.

You collected 113 gold pieces.


Innate Abilities, Weirdness & Mutations

You are immune to poison.
You have sharp fingernails.
Your flesh is cold resistant. (rC+)
You are immune to negative energy. (rN+++)
You do not regenerate when monsters are visible.
You are immune to unholy pain and torment.
You thrive by killing the living.


   Skills:
 - Level 2.0 Fighting
 + Level 3.8 Axes
 - Level 2.8 Armour
 - Level 1.7 Dodging
 - Level 2.1 Stealth
 - Level 1.7 Spellcasting
 - Level 3.6 Summonings


You had 7 spell levels left.
You knew the following spells:

 Your Spells              Type           Power      Damage    Failure   Level
a - Summon Small Mammal   Summ           24%        N/A       45%         1

Your spell library contained the following spells:

 Spells                   Type           Power      Damage    Failure   Level
 Call Imp                 Summ           Unusable   N/A       N/A         2
 Call Canine Familiar     Summ           Unusable   N/A       N/A         3
 Summon Guardian Golem    Hex/Summ       Unusable   N/A       N/A         3
 Summon Lightning Spire   Summ/Air       Unusable   N/A       N/A         4

Inventory:

Hand Weapons
 b - a +0 whip
 Y - a +1 hand axe (weapon)
Armour
 f - +0 ice dragon scales (worn)
 g - a +1 pair of boots (worn)
 i - a +3 ring mail
Jewellery
 e - a ring of protection from cold
Scrolls
 a - 2 scrolls of teleportation
Potions
 d - a potion of curing
 h - a potion of ambrosia {unknown}
 l - a potion of berserk rage {unknown}
 m - a potion of lignification {unknown}

Dungeon Overview and Level Annotations

Branches:
Dungeon (4/15)             Temple (1/1) D:4

Altars:
Ashenzari
Cheibriados
Dithmenos
Hepliaklqana
Kikubaaqudgha
Nemelex Xobeh
Okawaru
Ru
Sif Muna
Uskayaw
Vehumet
Xom
Yredelemnul

Annotations:
D:4 Menkaure


Message History

Press < or > to pray at altars.
Done exploring.
Press < or > to pray at altars.
Press < or > to pray at altars.
(D) Dungeon (T) Temple
Where to? (* - list waypoints, Enter - Temple @ (x,y), ? - help)
What level of the Dungeon? (default 4, ? - help) Press < or > to pray at altars.
There is a staircase back to the Dungeon here.
You climb upwards.
Welcome back to the Dungeon!
There is a staircase to the Ecumenical Temple here.
Enter note: Menkaure, Prince of Dust comes into view.
Menkaure shouts!
Menkaure moves out of view.
Menkaure hits you!
You barely miss Menkaure. Menkaure barely misses you.
You completely miss Menkaure.
Menkaure casts a spell.
Menkaure seems to speed up.
You hit Menkaure.
Menkaure is lightly damaged.
Menkaure hits you!
You completely miss Menkaure.
Menkaure is lightly damaged.
Menkaure hits you! Menkaure hits you.
You hit Menkaure.
Menkaure is moderately damaged.
Menkaure hits you.
You barely miss Menkaure.
Menkaure is moderately damaged.
Menkaure hits you but does no damage.
You hit Menkaure.
Menkaure is heavily damaged.
Menkaure hits you! x2
5313 ||| READING 3 scrolls of teleportation.
As you read the scroll of teleportation, it crumbles to dust.
You feel strangely unstable. Menkaure hits you!
You die...

## #........####
#####..# .......
.....## #..#.. ###...#
#....## # ##..#
#.....##
#..#####......##
###.....#.......##
#.#...#.#........#
#.......#....@..#
#...#%#.###...M.....#
###.......##.###....##
#...#.8.#....# ...##
...#.......#...# .##
..#...8.>.8...#... ##
#...#.......#.....
##...#.8.#.......
###.......#....


You could see Menkaure (fast).

Vanquished Creatures
  A black bear (D:3)
  2 orc priests (D:3)
  3 adders
  A worm (D:2)
  2 dart slugs
  3 orcs (D:3)
  3 bats
  4 endoplasms
  5 giant cockroaches
  A goblin (D:1)
  5 hobgoblins
  6 jackals
  5 ball pythons
  2 frilled lizards (D:2)
  4 kobolds
  2 rats (D:3)
49 creatures vanquished.

Vanquished Creatures (collateral kills)
  An adder (D:2)
  A dart slug (D:2)
  An orc (D:2)
  2 bats
  An endoplasm (D:1)
  A goblin (D:1)
  A hobgoblin (D:1)
  A quokka (D:2)
  2 ball pythons
  A frilled lizard (D:1)
  2 rats
14 creatures vanquished.

Grand Total: 63 creatures vanquished

Notes
Turn   | Place    | Note
-------+----------+-------------------------------------------
     0 | D:1      | qw the Ghoul Summoner began the quest for the Orb.
     0 | D:1      | Reached XP level 1. HP: 14/14 MP: 2/2
     0 | D:1      | 0 ||| qw: Version: 0.1-a-116-g5d60599
     0 | D:1      | 0 ||| qw: Game counter: 7599
     0 | D:1      | 0 ||| qw: Always use a shield: true
     0 | D:1      | 0 ||| qw: God list: Okawaru
     0 | D:1      | 0 ||| qw: Allow faded altars: false
     0 | D:1      | 0 ||| qw: Do Orc after D:15 true
     0 | D:1      | 0 ||| qw: Do second Lair branch before Depths: true
     0 | D:1      | 0 ||| qw: Lair rune preference: random
     0 | D:1      | 0 ||| qw: Plans: Normal
     0 | D:1      | 0 ||| PLANNING D:1-11
     5 | D:1      | 5 ||| Wielding weapon +0 short sword.
    37 | D:1      | 37 ||| CASTING Summon Small Mammal
    38 | D:1      | 38 ||| CASTING Summon Small Mammal
   138 | D:1      | 138 ||| Stepping ~*~*~tactically~*~*~ (stealth).
   139 | D:1      | 139 ||| CASTING Summon Small Mammal
   140 | D:1      | 140 ||| CASTING Summon Small Mammal
   151 | D:1      | 151 ||| CASTING Summon Small Mammal
   357 | D:1      | 357 ||| CASTING Summon Small Mammal
   358 | D:1      | 358 ||| CASTING Summon Small Mammal
   370 | D:1      | 370 ||| CASTING Summon Small Mammal
   373 | D:1      | Reached skill level 1 in Axes
   472 | D:1      | 472 ||| Stepping ~*~*~tactically~*~*~ (hiding).
   574 | D:1      | 574 ||| Stepping ~*~*~tactically~*~*~ (hiding).
   676 | D:1      | 676 ||| Stepping ~*~*~tactically~*~*~ (hiding).
   678 | D:1      | 678 ||| Stepping ~*~*~tactically~*~*~ (hiding).
   682 | D:1      | 682 ||| CASTING Summon Small Mammal
   683 | D:1      | 683 ||| CASTING Summon Small Mammal
   691 | D:1      | Reached skill level 1 in Fighting
   691 | D:1      | Reached XP level 2. HP: 17/23 MP: 0/3
   793 | D:1      | 793 ||| CASTING Summon Small Mammal
   794 | D:1      | 794 ||| CASTING Summon Small Mammal
   795 | D:1      | 795 ||| CASTING Summon Small Mammal
   837 | D:1      | 837 ||| CASTING Summon Small Mammal
   838 | D:1      | 838 ||| CASTING Summon Small Mammal
   839 | D:1      | 839 ||| CASTING Summon Small Mammal
   850 | D:1      | 850 ||| CASTING Summon Small Mammal
   931 | D:1      | Found a faded altar of an unknown god.
   958 | D:1      | 958 ||| CASTING Summon Small Mammal
   959 | D:1      | 959 ||| CASTING Summon Small Mammal
   960 | D:1      | 960 ||| CASTING Summon Small Mammal
  1207 | D:1      | 1207 ||| CASTING Summon Small Mammal
  1208 | D:1      | 1208 ||| CASTING Summon Small Mammal
  1209 | D:1      | 1209 ||| CASTING Summon Small Mammal
  1219 | D:1      | 1219 ||| CASTING Summon Small Mammal
  1267 | D:1      | 1267 ||| CASTING Summon Small Mammal
  1268 | D:1      | 1268 ||| CASTING Summon Small Mammal
  1269 | D:1      | 1269 ||| CASTING Summon Small Mammal
  1279 | D:1      | 1279 ||| CASTING Summon Small Mammal
  1392 | D:1      | 1392 ||| SWAPPING to +0 whip.
  1393 | D:1      | 1393 ||| DROPPING +0 short sword.
  1409 | D:1      | 1409 ||| CASTING Summon Small Mammal
  1410 | D:1      | 1410 ||| CASTING Summon Small Mammal
  1411 | D:1      | 1411 ||| CASTING Summon Small Mammal
  1556 | D:1      | 1556 ||| CASTING Summon Small Mammal
  1557 | D:1      | 1557 ||| CASTING Summon Small Mammal
  1558 | D:1      | 1558 ||| CASTING Summon Small Mammal
  1568 | D:1      | 1568 ||| CASTING Summon Small Mammal
  1608 | D:1      | 1608 ||| CASTING Summon Small Mammal
  1609 | D:1      | 1609 ||| CASTING Summon Small Mammal
  1610 | D:1      | 1610 ||| CASTING Summon Small Mammal
  1648 | D:1      | 1648 ||| CASTING Summon Small Mammal
  1649 | D:1      | 1649 ||| CASTING Summon Small Mammal
  1650 | D:1      | 1650 ||| CASTING Summon Small Mammal
  1737 | D:1      | 1737 ||| CASTING Summon Small Mammal
  1738 | D:1      | 1738 ||| CASTING Summon Small Mammal
  1739 | D:1      | 1739 ||| CASTING Summon Small Mammal
  1744 | D:1      | 1744 ||| Stepping ~*~*~tactically~*~*~ (outnumbered).
  1750 | D:1      | 1750 ||| CASTING Summon Small Mammal
  1835 | D:1      | 1835 ||| CASTING Summon Small Mammal
  1836 | D:1      | 1836 ||| CASTING Summon Small Mammal
  1837 | D:1      | 1837 ||| CASTING Summon Small Mammal
  2085 | D:1      | 2085 ||| UPGRADING to +0 pair of boots.
  2090 | D:1      | 2090 ||| UPGRADING to +3 ring mail.
  2100 | D:1      | 2100 ||| DROPPING +0 robe.
  2101 | D:1      | 2101 ||| UPGRADING to ring of protection from cold.
  2102 | D:1      | 2102 ||| READING scroll labelled DOMOPL JEGYVEST.
  2103 | D:1      | 2103 ||| READING scroll labelled XUTE ZAOWEED.
  2104 | D:1      | 2104 ||| READING scroll labelled BUX EJUWOE.
  2105 | D:1      | 2105 ||| READING scroll labelled ENACYI KUESCHUS.
  2106 | D:1      | 2106 ||| DROPPING potion of magic.
  2162 | D:2      | 2162 ||| CASTING Summon Small Mammal
  2163 | D:2      | 2163 ||| STAIRDANCE
  2176 | D:2      | 2176 ||| CASTING Summon Small Mammal
  2177 | D:2      | 2177 ||| CASTING Summon Small Mammal
  2178 | D:2      | 2178 ||| CASTING Summon Small Mammal
  2180 | D:2      | 2180 ||| STAIRDANCE
  2225 | D:2      | 2225 ||| Stepping ~*~*~tactically~*~*~ (stealth).
  2226 | D:2      | 2226 ||| Stepping ~*~*~tactically~*~*~ (stealth).
  2229 | D:2      | 2229 ||| CASTING Summon Small Mammal
  2230 | D:2      | 2230 ||| CASTING Summon Small Mammal
  2231 | D:2      | 2231 ||| CASTING Summon Small Mammal
  2272 | D:2      | 2272 ||| CASTING Summon Small Mammal
  2273 | D:2      | 2273 ||| CASTING Summon Small Mammal
  2274 | D:2      | 2274 ||| CASTING Summon Small Mammal
  2284 | D:2      | Reached XP level 3. HP: 28/28 MP: 1/4
  2346 | D:2      | 2346 ||| CASTING Summon Small Mammal
  2347 | D:2      | 2347 ||| CASTING Summon Small Mammal
  2348 | D:2      | 2348 ||| CASTING Summon Small Mammal
  2349 | D:2      | 2349 ||| CASTING Summon Small Mammal
  2413 | D:2      | 2413 ||| CASTING Summon Small Mammal
  2414 | D:2      | 2414 ||| CASTING Summon Small Mammal
  2415 | D:2      | 2415 ||| CASTING Summon Small Mammal
  2416 | D:2      | 2416 ||| CASTING Summon Small Mammal
  2506 | D:2      | 2506 ||| CASTING Summon Small Mammal
  2507 | D:2      | 2507 ||| CASTING Summon Small Mammal
  2508 | D:2      | 2508 ||| CASTING Summon Small Mammal
  2509 | D:2      | 2509 ||| CASTING Summon Small Mammal
  2604 | D:2      | 2604 ||| CASTING Summon Small Mammal
  2605 | D:2      | 2605 ||| Stepping ~*~*~tactically~*~*~ (hiding).
  2606 | D:2      | 2606 ||| CASTING Summon Small Mammal
  2607 | D:2      | 2607 ||| CASTING Summon Small Mammal
  2608 | D:2      | 2608 ||| CASTING Summon Small Mammal
  2609 | D:2      | 2609 ||| Stepping ~*~*~tactically~*~*~ (hiding).
  2611 | D:2      | 2611 ||| Stepping ~*~*~tactically~*~*~ (hiding).
  2615 | D:2      | 2615 ||| CASTING Summon Small Mammal
  2660 | D:2      | 2660 ||| CASTING Summon Small Mammal
  2661 | D:2      | 2661 ||| CASTING Summon Small Mammal
  2662 | D:2      | 2662 ||| CASTING Summon Small Mammal
  2663 | D:2      | 2663 ||| CASTING Summon Small Mammal
  2671 | D:2      | 2671 ||| CASTING Summon Small Mammal
  2681 | D:2      | 2681 ||| CASTING Summon Small Mammal
  2773 | D:2      | 2773 ||| CASTING Summon Small Mammal
  2774 | D:2      | 2774 ||| CASTING Summon Small Mammal
  2775 | D:2      | 2775 ||| CASTING Summon Small Mammal
  2776 | D:2      | 2776 ||| CASTING Summon Small Mammal
  2784 | D:2      | 2784 ||| CASTING Summon Small Mammal
  2830 | D:2      | 2830 ||| CASTING Summon Small Mammal
  2831 | D:2      | 2831 ||| CASTING Summon Small Mammal
  2832 | D:2      | 2832 ||| CASTING Summon Small Mammal
  2833 | D:2      | 2833 ||| CASTING Summon Small Mammal
  2841 | D:2      | 2841 ||| CASTING Summon Small Mammal
  2852 | D:2      | 2852 ||| CASTING Summon Small Mammal
  2862 | D:2      | 2862 ||| CASTING Summon Small Mammal
  2873 | D:2      | 2873 ||| CASTING Summon Small Mammal
  2889 | D:2      | 2889 ||| CASTING Summon Small Mammal
  2896 | D:2      | 2896 ||| CASTING Summon Small Mammal
  2996 | D:2      | 2996 ||| CASTING Summon Small Mammal
  2997 | D:2      | 2997 ||| CASTING Summon Small Mammal
  2998 | D:2      | 2998 ||| CASTING Summon Small Mammal
  2999 | D:2      | 2999 ||| CASTING Summon Small Mammal
  3060 | D:2      | 3060 ||| CASTING Summon Small Mammal
  3061 | D:2      | 3061 ||| CASTING Summon Small Mammal
  3062 | D:2      | 3062 ||| CASTING Summon Small Mammal
  3063 | D:2      | 3063 ||| CASTING Summon Small Mammal
  3123 | D:2      | 3123 ||| Stepping ~*~*~tactically~*~*~ (stealth).
  3125 | D:2      | 3125 ||| CASTING Summon Small Mammal
  3126 | D:2      | 3126 ||| CASTING Summon Small Mammal
  3127 | D:2      | 3127 ||| CASTING Summon Small Mammal
  3128 | D:2      | 3128 ||| CASTING Summon Small Mammal
  3136 | D:2      | 3136 ||| CASTING Summon Small Mammal
  3138 | D:2      | Reached XP level 4. HP: 35/36 MP: 0/5
  3209 | D:2      | 3209 ||| CASTING Summon Small Mammal
  3210 | D:2      | 3210 ||| CASTING Summon Small Mammal
  3211 | D:2      | 3211 ||| CASTING Summon Small Mammal
  3212 | D:2      | 3212 ||| CASTING Summon Small Mammal
  3213 | D:2      | 3213 ||| CASTING Summon Small Mammal
  3220 | D:2      | 3220 ||| CASTING Summon Small Mammal
  3231 | D:2      | 3231 ||| CASTING Summon Small Mammal
  3559 | D:2      | 3559 ||| CASTING Summon Small Mammal
  3560 | D:2      | 3560 ||| CASTING Summon Small Mammal
  3561 | D:2      | 3561 ||| CASTING Summon Small Mammal
  3562 | D:2      | 3562 ||| CASTING Summon Small Mammal
  3563 | D:2      | 3563 ||| CASTING Summon Small Mammal
  3732 | D:2      | 3732 ||| UPGRADING to +0 ice dragon scales.
  3742 | D:2      | 3742 ||| REMOVING ring of protection from cold.
  3743 | D:2      | 3743 ||| READING 2 scrolls labelled CUANEA BUOSS.
  3744 | D:2      | 3744 ||| READING 2 scrolls labelled FIOZOE XOUNNAFF.
  3748 | D:2      | 3748 ||| READING 2 scrolls labelled SEVURO FUIDAPT.
  3749 | D:2      | 3749 ||| READING 2 scrolls labelled AKHOPN OTEP.
  3750 | D:2      | 3750 ||| DROPPING scroll of vulnerability.
  3751 | D:2      | 3751 ||| DROPPING scroll of immolation.
  3752 | D:2      | 3752 ||| DROPPING scroll of noise.
  3767 | D:3      | Noticed a black bear
  3768 | D:3      | 3768 ||| Stepping ~*~*~tactically~*~*~ (stealth).
  3793 | D:3      | HP: 9/36 [black bear (3)]
  3794 | D:3      | 3794 ||| READING scroll of teleportation.
  3845 | D:3      | HP: 9/36 [adder (3)]
  3916 | D:3      | HP: 9/36 [black bear (2)]
  3917 | D:3      | HP: 4/36 [black bear (1)]
  3918 | D:3      | Killed a black bear
  3919 | D:3      | Reached XP level 5. HP: 7/41 MP: 6/6
  4362 | D:3      | 4362 ||| Stepping ~*~*~tactically~*~*~ (stealth).
  4408 | D:3      | 4408 ||| SWAPPING to +0 hand axe.
  4735 | D:3      | 4735 ||| READING scroll of enchant armour.
  4735 | D:3      | 4735 ||| ENCHANTING +0 pair of boots.
  4782 | D:3      | Reached skill level 3 in Axes
  4800 | D:3      | Reached XP level 6. HP: 16/48 MP: 7/7
  5091 | D:3      | 5091 ||| READING scroll labelled FIJ AQIOLOU.
  5092 | D:3      | 5092 ||| READING scroll labelled JUGROCS JUCAUS.
  5093 | D:3      | 5093 ||| DRINKING 2 murky ruby potions.
  5094 | D:3      | 5094 ||| DRINKING 2 coppery potions.
  5095 | D:3      | 5095 ||| DROPPING potion of degeneration.
  5146 | D:4      | Found a staircase to the Ecumenical Temple.
  5147 | D:4      | 5147 ||| PLANNING TEMPLE
  5166 | Temple   | Entered the Ecumenical Temple
  5279 | Temple   | 5279 ||| PLANNING D:1-11
  5283 | Temple   | Became a worshipper of Warmaster Okawaru
  5301 | D:4      | Noticed Menkaure
  5312 | D:4      | HP: 8/48 [Menkaure (11)]
  5312 | D:4      | HP: 1/48 [Menkaure (7)]
  5313 | D:4      | 5313 ||| READING 3 scrolls of teleportation.
  5313 | D:4      | Mangled by Menkaure

Levels and vault maps discovered:
D:1:      amcnicky_arrival_feature_with_door, layout_loops_corners,
          shapermc_ecumenical_altar_mp_vishouse, minmay_distorted
D:2:      layout_basic, serial_bayou_ford_a
D:3:      layout_loops_ring
D:4:      layout_cave_pods, grunt_temple_overflow_cloverleaf,
          minmay_temple_entry_sparse_star, minmay_manual_mess, uniq_menkaure
Temple:   nicolae_temple_two_arcs

Skill      XL: |  1  2  3  4  5 |
---------------+----------------+-----
Axes           | 1 2 3 |  3.8
Fighting       | 1 2 |  2.0
Armour         | 2 |  2.8
Dodging        | |  1.7
Stealth        | |  2.1
Spellcasting   | |  1.7
Summonings     | |  3.6

Action                   |  1- 3 |  4- 6 || total
-------------------------+-------+-------++-------
Melee: Short sword       |    55 |       ||    55
       Whip              |   113 |    86 ||   199
       Punch             |     1 |       ||     1
       Hand axe          |       |    64 ||    64
 Cast: Summon Small Mamm |    94 |    10 ||   104
  Use: Scroll            |     4 |     9 ||    13
       Potion            |       |     2 ||     2
Armor: Robe              |    13 |       ||    13
       Ring mail         |    67 |     6 ||    73
       Ice dragon scales |       |   106 ||   106
Dodge: Dodged            |   124 |    85 ||   209

Table legend:
 A = Non-vault XP
 B = Vault XP
 C = Vault XP percentage of total XP
 D = Non-vault monster count
 E = Vault monster count
 F = Vault count percentage of total count
                 A         B        C        D         E       F
            +---------+---------+-------+---------+---------+-------
      Total |     370 |       5 |   1.3 |      60 |       3 |   4.8
            +---------+---------+-------+---------+---------+-------
        D:1 |      26 |       5 |  16.1 |      14 |       3 |  17.6
        D:2 |      69 |       0 |   0.0 |      23 |       0 |   0.0
        D:3 |     260 |       0 |   0.0 |      21 |       0 |   0.0
        D:4 |      15 |       0 |   0.0 |       2 |       0 |   0.0
            +---------+---------+-------+---------+---------+-------
